 Dungeon Crawl Stone Soup version 0.28-a0-556-gab23d0e057 (webtiles) character file.

Game seed: 15179147845486978099

5000 Pooter the Cleaver (level 10, -1/91 HPs)
             Began as a Minotaur Berserker on Sept 29, 2021.
             Was a Priest of Trog.
             Slain by a gnoll sergeant (15 damage)
             ... in a bailey.
             The game lasted 00:42:04 (7763 turns).

Pooter the Cleaver (Minotaur Berserker)             Turns: 7763, Time: 00:42:04

Health: -1/91      AC: 11    Str: 23    XL:     10   Next: 29%
Magic:  9/9        EV:  8    Int:  5    God:    Trog [***...]
Gold:   354        SH:  0    Dex: 11    Spells: 9/9 levels left

rFire   . . .      SeeInvis .   a - +2 war axe (vamp)
rCold   . . .      Faith    .   (no shield)
rNeg    . . .      Spirit   .   A - +1 chain mail
rPois   .          Reflect  .   (helmet restricted)
rElec   .          Harm     .   k - +1 cloak
rCorr   .          Rampage  .   (no gloves)
Will    ++...                   (no boots)
Stlth   ..........              r - amulet of regeneration
HPRegen 2.25/turn               (no ring)
MPRegen 0.11/turn               (no ring)

@: mighty, strong-willed, on berserk cooldown, regenerating, slowed, very slow
A: horns 2, retaliatory headbutt
a: Renounce Religion, Berserk, Trog's Hand


You were in a bailey.
You worshipped Trog.
Trog was most pleased with you.
You visited 1 branch of the dungeon, and saw 8 of its levels.
You also visited: Bailey.

You collected 406 gold pieces.
You spent 52 gold pieces at shops.

Inventory:

Hand Weapons
 a - a +2 vampiric war axe (weapon)
   (You found it on level 4 of the Dungeon)
 b - a +1 vorpal hunting sling
   (You found it on level 3 of the Dungeon)
 i - a +0 halberd
   (You took it off a gnoll in a bailey)
 B - a +2 spear of venom
   (You found it on level 1 of the Dungeon)
 G - a +3 scimitar of flaming
   (You took it off Erica on level 8 of the Dungeon)
Missiles
 j - 4 throwing nets {!f}
 p - 34 poisoned darts (quivered)
 y - 70 sling bullets
 D - a curare-tipped dart
 Q - 138 stones
Armour
 k - a +1 cloak (worn)
   (You found it on level 2 of the Dungeon)
 A - a +1 chain mail (worn)
   (You took it off Edmund on level 4 of the Dungeon)
Jewellery
 r - an amulet of regeneration (around neck)
   (You found it on level 2 of the Dungeon)
 I - an amulet of the acrobat
   (You found it on level 8 of the Dungeon)
Wands
 d - a wand of iceblast (7)
   (You found it on level 7 of the Dungeon)
 f - a wand of flame (8)
   (You found it on level 4 of the Dungeon)
 s - a wand of charming (7)
   (You found it on level 3 of the Dungeon)
 u - a wand of paralysis (4)
   (You found it on level 6 of the Dungeon)
 H - a wand of polymorph (9)
   (You found it on level 8 of the Dungeon)
Scrolls
 c - 3 scrolls of blinking
 h - 4 scrolls of silence
 m - 2 scrolls of magic mapping
 q - 5 scrolls of noise {!r}
 t - 3 scrolls of teleportation {@r4}
 x - a scroll of immolation {!r}
Potions
 e - 2 potions of degeneration {unknown}
 g - a potion of berserk rage {unknown}
 l - 2 potions of heal wounds {@q2}
 n - a potion of invisibility {unknown}
 o - 3 potions of flight {unknown}
 w - a potion of cancellation {unknown}
 z - a potion of resistance {unknown}
 C - 2 potions of mutation {!q}
 E - a potion of attraction {unknown}
 J - a potion of ambrosia {unknown}


   Skills:
 + Level 9.1 Fighting
 * Level 12.2 Axes
 - Level 2.4 Armour
 - Level 2.1 Dodging
 + Level 6.1 Stealth
 + Level 5.8 Evocations


You had 9 spell levels left.
You didn't know any spells.
Your spell library was empty.

Dungeon Overview and Level Annotations

Branches:
Dungeon (8/15)             Temple (0/1) D:4          Bailey (1/1)
   Lair: D:8-11

Altars:
Dithmenos
Gozag
Nemelex Xobeh
Vehumet
Wu Jian
Yredelemnul
The Shining One

Shops:
D:5 =   D:7 *


Innate Abilities, Weirdness & Mutations

You have a pair of horns on your head.
You reflexively headbutt those who attack you in melee.


Message History

* * * LOW HITPOINT WARNING * * *
The gnoll shaman hits you from afar with a +0 halberd.
* * * LOW HITPOINT WARNING * * *
You struggle against the net.
The gnoll hits you but does no damage.
You struggle against the net.
You feel a strong urge to attack something.
The gnoll sergeant closely misses you.
The gnoll hits you from afar with a +0 halberd.
* * * LOW HITPOINT WARNING * * *
The gnoll shaman hits you from afar with a +0 halberd!
* * * LOW HITPOINT WARNING * * *
You struggle against the net.
The gnoll hits you but does no damage. The gnoll sergeant barely misses you.
The gnoll hits you from afar with a +0 halberd.
* * * LOW HITPOINT WARNING * * *
The gnoll sergeant hits you from afar with a +0 halberd.
* * * LOW HITPOINT WARNING * * *
The gnoll shaman hits you but does no damage.
You rip the net and break free!
You feel your anger nearly subside.
You are no longer berserk.
You are exhausted.
You feel yourself slow down. The gnoll hits you but does no damage.
The gnoll sergeant hits you but does no damage.
The gnoll hits you from afar with a +0 halberd.
* * * LOW HITPOINT WARNING * * *
The gnoll sergeant hits you but does no damage.
You feel much better. The gnoll shaman barely misses you.
The gnoll hits you but does no damage.
The gnoll sergeant hits you with a +0 halberd.
The gnoll hits you from afar with a +0 halberd!
* * * LOW HITPOINT WARNING * * *
The gnoll sergeant hits you from afar with a +0 halberd!
* * * LOW HITPOINT WARNING * * *
The gnoll shaman hits you but does no damage.
Unknown command.
You feel very mighty all of a sudden. The gnoll hits you but does no damage.
The gnoll sergeant completely misses you.
You furiously retaliate!
You headbutt the gnoll sergeant!
The gnoll hits you from afar with a +0 halberd.
* * * LOW HITPOINT WARNING * * *
The gnoll sergeant hits you from afar with a +0 halberd!
* * * LOW HITPOINT WARNING * * *
The gnoll shaman hits you but does no damage.
The gnoll hits you from afar with a +0 spear.
* * * LOW HITPOINT WARNING * * *
The gnoll sergeant hits you but does no damage.
The gnoll sergeant hits you from afar with a +0 halberd!
You die...

♣♣...............♣
♣♣≈≈≈≈≈≈≈...≈≈≈≈≈≈≈
♣≈≈...............≈
♣≈.................
♣≈.######'''######.
♣≈.# #..(# ♣≈##
#...# ♣≈ #...# ♣≈
##@## ♣≈ #.g.# ♣≈


#gggg.# ♣≈ #.......# #..$8$..# #.......# ##.....## ##...## You could see 2 gnoll
sergeants, a gnoll shaman and 2 gnolls.

Vanquished Creatures
  Harold (D:7)
  Erica (D:8)
  Pikel (D:7)
  3 wyverns
  Edmund (D:4)
  2 water moccasins (D:7)
  An orc warrior (D:7)
  3 black bears
  5 ice beasts
  An ogre (D:6)
  A phantom (D:6)
  2 kobold brigands (D:7)
  A bullfrog (D:6)
  4 scorpions
  A wyvern zombie (D:7)
  A wyvern skeleton (D:6)
  The ghost of HuGe the Skirmisher, a weakling HOBe of Trog (D:3)
  3 killer bees (D:4)
  A howler monkey (D:6)
  2 centaur zombies
  3 hounds
  2 jellies
  A gnoll shaman (D:5)
  2 orc priests
  2 bullfrog skeletons (D:7)
  2 centaur skeletons
  4 iguanas
  3 orc wizards
  A howler monkey zombie (D:6)
  6 gnolls
  8 adders
  2 ufetubi
  An adder skeleton (D:4)
  4 worms
  5 dart slugs
  7 orcs
  4 ball pythons
  14 endoplasms
  2 giant cockroaches
  6 goblins
  4 hobgoblins
  5 jackals
  12 kobolds
  7 quokkas
  8 bats
  5 frilled lizards
  5 rats
  A spectral orc (D:3)
162 creatures vanquished.

Vanquished Creatures (collateral kills)
  An orc priest (D:7)
  A shadow imp (D:7)
  An orc (D:7)
  2 kobolds (D:7)
5 creatures vanquished.

Vanquished Creatures (others)
  16 fungi (D:8)
  20 plants (D:8)
36 creatures vanquished.

Grand Total: 203 creatures vanquished

Notes
Turn   | Place    | Note
-------+----------+-------------------------------------------
     0 | D:1      | Pooter the Minotaur Berserker began the quest for the Orb.
     0 | D:1      | Reached XP level 1. HP: 19/19 MP: 0/0
   215 | D:1      | Reached skill level 4 in Axes
   218 | D:1      | Reached XP level 2. HP: 25/27 MP: 1/1
   858 | D:2      | Reached skill level 1 in Stealth
   858 | D:2      | Reached XP level 3. HP: 32/33 MP: 2/2
  1525 | D:2      | Reached ** piety under Trog
  1666 | D:2      | Reached skill level 5 in Axes
  1666 | D:2      | Reached XP level 4. HP: 40/40 MP: 3/3
  2103 | D:3      | Noticed HuGe's ghost (weakling HOBe)
  2107 | D:3      | Found a runed translucent door.
  2542 | D:3      | Found a basalt altar of Yredelemnul.
  2593 | D:3      | Found a sparkling altar of Nemelex Xobeh.
  2689 | D:3      | Killed HuGe's ghost
  2690 | D:3      | Reached XP level 5. HP: 25/47 MP: 4/4
  2858 | D:4      | Reached skill level 1 in Evocations
  2878 | D:4      | Found a staircase to the Ecumenical Temple.
  2898 | D:4      | Reached skill level 5 in Fighting
  2898 | D:4      | Reached skill level 6 in Axes
  2898 | D:4      | Reached XP level 6. HP: 56/56 MP: 5/5
  3219 | D:4      | Reached skill level 7 in Axes
  3219 | D:4      | Reached XP level 7. HP: 60/61 MP: 6/6
  3415 | D:4      | Noticed Edmund
  3423 | D:4      | Killed Edmund
  3659 | D:4      | Reached *** piety under Trog
  3858 | D:4      | Found an opulent altar of Gozag.
  3899 | D:4      | Found a glowing golden altar of the Shining One.
  4175 | D:5      | Entered Level 5 of the Dungeon
  4307 | D:5      | Reached skill level 8 in Axes
  4385 | D:5      | Noticed a wyvern
  4398 | D:5      | Killed a wyvern
  4399 | D:5      | Reached XP level 8. HP: 46/71 MP: 7/7
  4558 | D:5      | Found a shadowy altar of Dithmenos.
  4801 | D:5      | Found Anypnugg's Jewellery Boutique.
  5195 | D:6      | Reached skill level 9 in Axes
  5476 | D:6      | Reached XP level 9. HP: 70/79 MP: 8/8
  5616 | D:6      | Identified the +4 barding of the Old World {Dex+3}
  5798 | D:7      | Reached skill level 10 in Axes
  5964 | D:6      | Reached **** piety under Trog
  6234 | D:7      | Noticed Pikel
  6244 | D:7      | Killed Pikel
  6245 | D:7      | Reached skill level 5 in Stealth
  6255 | D:7      | Noticed Harold
  6869 | D:7      | Found a radiant altar of Vehumet.
  6945 | D:7      | Reached skill level 11 in Axes
  6945 | D:7      | Reached skill level 5 in Evocations
  7087 | D:7      | Found Uvyjaj's General Store.
  7096 | D:7      | Killed Harold
  7104 | D:7      | Bought a potion of might for 52 gold pieces
  7285 | D:7      | Reached XP level 10. HP: 88/90 MP: 9/9
  7464 | D:7      | Found an ornate altar of the Wu Jian Council.
  7575 | D:8      | Noticed Erica
  7588 | D:8      | Killed Erica
  7589 | D:8      | Reached skill level 12 in Axes
  7688 | D:8      | Found a flagged portal.
  7705 | Bailey   | Entered a bailey
  7763 | Bailey   | Slain by a gnoll sergeant

Illustrated notes

Levels and vault maps discovered:
D:1:      zaba_arrival_water, layout_rooms, minmay_misc_feat_enclosed
D:2:      minmay_razor_zed, layout_loops_ring, bh_walls_and_bars
D:3:      layout_loops_ring, nemelex_dance_club_becter,
          yredelemnul_forgotten_temple_becter, hellmonk_ghost_happy_afterlife
D:4:      layout_loops_corners, tso_altar, grunt_gozag_statues,
          minmay_temple_entry_ruins, uniq_edmund
D:5:      layout_loops_cross, nicolae_dithmenos_shadow_blocks,
          minmay_shop_enchanted_jewellery
D:6:      layout_cave_pools, minmay_misc_feat_nine_boxes
D:7:      layout_basic, mainiacjoe_overflow_surrounded_room,
          nicolae_wu_jian_glorious_leap, serial_shops, shop, uniq_harold,
          uniq_pikel
D:8:      layout_loops_ring, grunt_temple_overflow_diamond,
          grunt_lair_entry_orc_guard_hut, enter_bailey_1, uniq_erica
Bailey:   bailey_polearm_gnolls_kennysheep, bailey

Skill      XL: |  1  2  3  4  5  6  7  8  9 10 |
---------------+-------------------------------+-----
Axes           | 4 5 6 7 8 9 11 12 | 12.2
Fighting       | 4 5 6 7 8 9 |  9.1
Stealth        | 1 2 3 4 5 6 |  6.1
Evocations     | 1 2 3 4 5 |  5.8
Armour         | |  2.4
Dodging        | |  2.1

Action                   |  1- 3 |  4- 6 |  7- 9 | 10-12 || total
-------------------------+-------+-------+-------+-------++-------
Melee: Hand axe          |    32 |       |       |       ||    32
       Headbutt          |    14 |    10 |    43 |     9 ||    76
       Spear             |    57 |    93 |    38 |       ||   188
       War axe           |       |       |   143 |    29 ||   172
 Fire: Hunting sling     |       |    24 |    79 |    13 ||   116
Throw: Stone             |    16 |       |       |       ||    16
Invok: Berserk           |       |     2 |     4 |     1 ||     7
       Trog's Hand       |       |     2 |     4 |     5 ||    11
Evoke: Wand              |       |     1 |     7 |       ||     8
  Use: Scroll            |     3 |     1 |    14 |     1 ||    19
       Potion            |       |       |       |     2 ||     2
 Stab: Sleeping          |       |     1 |       |       ||     1
       Paralysed         |       |       |     6 |       ||     6
Armor: Animal skin       |     6 |       |       |       ||     6
       Ring mail         |     8 |    17 |     8 |       ||    33
       Chain mail        |       |       |   102 |    31 ||   133
Dodge: Dodged            |    33 |    34 |    69 |    22 ||   158

Table legend: (Time is in decaauts)
 A = Elapsed time spent in this place.
 B = Non-inter-level travel time spent in this place.
 C = Inter-level travel time spent in this place.
 D = Time resting spent in this place.
 E = Time spent auto-exploring this place.
 F = Levels seen in this place.
 G = Mean time per level.
                   A        B        C        D        E       F      G
               +--------+--------+--------+--------+--------+-----+--------+
         Total |   7818 |   7551 |    267 |   1322 |   4666 |   9 |  868.7 |
       Dungeon |   7764 |   7497 |    267 |   1322 |   4666 |   8 |  970.5 |
        Bailey |     54 |     54 |      0 |      0 |      0 |   1 |   54.0 |
               +--------+--------+--------+--------+--------+-----+--------+

Top non-repeatable levels by time:
     D:7: 1392 daAuts
     D:4: 1372 daAuts
     D:6: 1049 daAuts
     D:2: 1015 daAuts
     D:3: 989 daAuts
     D:5: 957 daAuts
     D:1: 859 daAuts
     D:8: 128 daAuts
  Bailey: 54 daAuts
